Cogmind - Beta 16.1 @@@ ROGUE MODE // 2026.03.23 @ 15:34:48 Player: Elxavo Result: Destroyed by AG-BZV(R) with Subdweller Laser Performance ------------- Evolutions (0) 0 Regions Visited (3) 600 Robots Destroyed (20) 100 Value Destroyed (418) 418 Prototype IDs (2) 40 Alien Tech Used (0) 0 Bonus (0) 0 TOTAL SCORE: 1158 Bonus ------- None Cogmind --------- Core Integrity 0/250 Matter 254/300 Energy 80/100 System Corruption 0% Temperature Cool (6) Movement Hovering (416) Ox6 Location -10/Subcaves Parts ------- > --- POWER (1) -------- (None) > --- PROPULSION (2) --- Hover Unit Hover Unit > --- UTILITY (2) ------ Huge Storage Unit Seismic Detector > --- WEAPON (2) ------- Light Assault Rifle > --- INVENTORY (25) --- Ion Engine Light Nuclear Core Light Treads Aluminum Leg Hover Unit Hover Unit Hover Unit Disposable Heat Sink Visual Processing Unit Subdweller Optics Targeting Computer Targeting Computer Medium Laser Light Assault Rifle Subdweller Machine Gun Ripper Scrap Shield Fragment (44) Scrap Shield Fragment (41) Peak State ------------ > --- POWER ------------ Light Ion Engine > --- PROPULSION ------- Wheel Wheel > --- UTILITY ---------- Huge Storage Unit Seismic Detector > --- WEAPON ----------- Light Assault Rifle Subdweller Machine Gun > --- INVENTORY -------- Ion Engine Light Nuclear Core Light Treads Aluminum Leg Hover Unit Hover Unit Hover Unit Hover Unit Hover Unit Visual Processing Unit Subdweller Optics Targeting Computer Targeting Computer Medium Laser Light Assault Rifle Light Assault Rifle Subdweller Machine Gun Ripper Scrap Shield Fragment Scrap Shield Fragment [Rating: 11] Favorites ----------- Power Ion Engine Engine Ion Engine Propulsion Aluminum Leg Treads Light Treads Leg Aluminum Leg Wheel Wheel Hover Unit Hover Unit Utility Seismic Detector Device Seismic Detector Storage Huge Storage Unit Weapon Light Assault Rifle Energy Gun Medium Laser Ballistic Gun Light Assault Rifle Launcher Grenade Launcher Special Weapon Mining Laser Build | -11 -10 -10 -10 ------- Run | Yrd Mat Min Sub Slots Evolved . | . . . . Power . | . . . . Propulsion . | . . . . Utility . | . . . . Weapon . | . . . . Parts Attached 20 | 7 5 2 6 Power 2 | 1 . . 1 Engine 2 | 1 . . 1 Core . | . . . . Reactor . | . . . . Propulsion 7 | 1 2 . 4 Treads 1 | 1 . . . Leg 2 | . 2 . . Wheel 2 | . . . 2 Hover 2 | . . . 2 Flight . | . . . . Utility 3 | 2 1 . . Device 1 | 1 . . . Storage 2 | 1 1 . . Processor . | . . . . Hackware . | . . . . Protection . | . . . . Artifact . | . . . . Weapon 8 | 3 2 2 1 Energy Gun 2 | 2 . . . Energy Cannon . | . . . . Ballistic Gun 4 | 1 1 1 1 Ballistic Cannon . | . . . . Launcher 1 | . . 1 . Special Weapon 1 | . 1 . . Impact Weapon . | . . . . Slashing Weapon . | . . . . Piercing Weapon . | . . . . Special Melee Weapon . | . . . . Unidentified Prototypes . | . . . . Parts Lost 9 | . . 1 8 Power 2 | . . . 2 Propulsion 3 | . . . 3 Utility . | . . . . Weapon 4 | . . 1 3 Highest Loss Streak 5 | . . 1 5 To Critical Strikes . | . . . . Average Backups 13 | 6 11 16 17 Power 2 | 1 1 2 2 Propulsion 6 | 4 5 8 7 Utility 2 | . 1 3 3 Weapon 3 | . 3 3 3 Tool/Special . | . . . . Unused Backups 14 | . 2 . 12 Power 3 | . 1 . 2 Propulsion 4 | . 1 . 3 Utility 5 | . . . 5 Weapon 2 | . . . 2 Tool/Special . | . . . . Average Slot Usage (%) 95 | . 95 100 93 Engine 13 | . 14 14 13 Treads 1 | . 2 . . Leg 21 | . 21 28 18 Wheel 1 | . . . 3 Device 14 | . 14 14 14 Storage 14 | . 14 14 14 Energy Gun 2 | . 6 . . Ballistic Gun 16 | . 16 17 15 Launcher 6 | . . 9 11 Special Weapon 2 | . 4 . . Peak Build Rating 11 | 6 8 9 11 Average Rating 7 | 4 7 8 8 On Entrance 5 | . 6 8 9 Avg Prop Armor Cover (%) . | . . . . Naked Turns . | . . . . Heaviest Build 90 | 14 89 90 90 Greatest Support 20 | 20 20 20 20 Greatest Overweight (x) 8 | 1 4 4 8 Average Overweight (x) 3 | . 2 4 4 Largest Inventory Capacity 25 | 8 25 25 25 Average Capacity 22 | 7 21 25 25 Most Carried 21 | 8 18 17 21 Average Carried 14 | 6 11 16 18 Final Capacity 25 | 8 25 25 25 Final Carried 18 | 8 17 17 18 Class Distribution -------------------- 100% | Mutant Dominant Class ---------------- Mutant | -10/Materials Mutant | -10/Mines Mutant | -10/Subcaves Resources | -11 -10 -10 -10 ----------- Run | Yrd Mat Min Sub Matter Collected 493 | 274 76 95 48 Remotely . | . . . . Salvage Created 514 | 92 112 137 173 Parts 41 | 8 13 8 12 Haulers Intercepted . | . . . . Recyclers Shooed . | . . . . Parts Field Recycled . | . . . . Retrieved Matter . | . . . . Parts Self-Destructed 18 | . . . 18 Prevented . | . . . . Parts Restored . | . . . . Kills | -11 -10 -10 -10 ------- Run | Yrd Mat Min Sub Combat Hostiles Destroyed 16 | . 6 5 5 Guns 12 | . 6 3 3 AOE 4 | . . 2 2 Classes Destroyed 6 | 2 2 1 1 Tunneler 2 | 2 . . . Recycler 1 | 1 . . . Watcher 1 | . 1 . . Swarmer 9 | . 6 3 . Grunt 4 | . . 2 2 Subdweller 3 | . . . 3 Best Kill Streak 3 | 2 3 3 2 Combat Bots Only 3 | . 3 3 2 Max Kills in Single Turn 2 | 1 1 2 2 Gunslinging . | . . . . Exploded 2 | . . 2 2 Melee . | . . . . Uniques/NPCs Destroyed . | . . . . Combat | -11 -10 -10 -10 -------- Run | Yrd Mat Min Sub Hostile Shots Fired 123 | . 41 30 52 Missed 39 | . 6 12 21 Hits 84 | . 35 18 31 Projectile 84 | . 35 18 31 AOE 4 | . . . 4 Critical Strikes 1 | . . . 1 Damage Taken 1164 | . 268 152 744 Core 265 | . 75 36 154 Absorbed by Shields . | . . . . Regen/Repaired (Parts) 84 | . 84 . . Core Remaining (%) 100 | 100 . . . Volleys Fired 75 | 8 29 14 24 Largest 2 | 2 2 2 2 Hottest 100 | 70 100 40 50 Shots Fired 119 | 15 52 21 31 Gun 111 | 15 46 20 30 Cannon . | . . . . Launcher 2 | . . 1 1 Special 6 | . 6 . . Kinetic 80 | 7 23 20 30 Thermal 37 | 8 29 . . Explosive 2 | . . 1 1 Electromagnetic . | . . . . Robot Hit Streak 14 | 4 5 4 14 Robot Miss Streak 4 | 2 3 4 1 Penetration Max . | . . . . Secondary Targets . | . . . . Shots Hit Robots 75 | 8 27 11 29 Core Hits 32 | 4 10 8 10 Critical Kills . | . . . . Critical Parts Destroyed . | . . . . Critical Strikes 2 | 1 1 . . Burn 2 | 1 1 . . Melee Attacks . | . . . . Impact . | . . . . Slashing . | . . . . Piercing . | . . . . Sneak Attacks . | . . . . Combat Hostiles . | . . . . Follow-up Attacks . | . . . . Damage Inflicted 922 | 81 275 138 428 Guns 785 | 81 275 78 351 Cannons . | . . . . Explosions 137 | . . 60 77 Melee . | . . . . Ramming . | . . . . Kinetic 562 | 21 112 78 351 Thermal 223 | 60 163 . . Explosive 137 | . . 60 77 Electromagnetic . | . . . . Impact . | . . . . Slashing . | . . . . Piercing . | . . . . Highest Corruption . | . . . . Average Corruption . | . . . . Corruption Purged . | . . . . Corruption Blocked . | . . . . Overload Shots . | . . . . Overflow Damage . | . . . . Projectiles . | . . . . Explosions . | . . . . Melee . | . . . . Knockbacks . | . . . . Impact . | . . . . Kinetic . | . . . . Secondary . | . . . . Self-Inflicted Damage . | . . . . Shots . | . . . . Rammed . | . . . . Targets Rammed . | . . . . Kicked . | . . . . Crushed . | . . . . Highest Temperature 200 | 50 200 6 . Average Temperature 56 | 22 64 6 . Received Heat Transfer 108 | . . 15 93 Siege Activations . | . . . . Martial Activations . | . . . . Shielding Activations . | . . . . Robots Disrupted . | . . . . Combat Hostiles . | . . . . Robots Corrupted . | . . . . Combat Hostiles . | . . . . Parts Fried . | . . . . Impact Corruptions . | . . . . Robots Melted . | . . . . Combat Hostiles . | . . . . Parts Melted 2 | 2 . . . Heat Transferred 802 | 247 555 . . Parts Sabotaged . | . . . . Parts Stolen . | . . . . Parts Stripped . | . . . . Power Chain Reactions . | . . . . Alert | -11 -10 -10 -10 ------- Run | Yrd Mat Min Sub Maximum Alert Level . | . . . . Low Security (%) 100 | 100 100 100 . Level 1 . | . . . . Level 2 . | . . . . Level 3 . | . . . . Level 4 . | . . . . Level 5 . | . . . . High Security . | . . . . Max Security . | . . . . Peak Influence 81 | 10 70 81 . Initial . | . . . . Average 13 | . 9 30 . Influence Increases 367 | 15 161 141 50 Destroy 0b10 Robot/C 260 | . 120 100 40 Destroy 0b10 Robot/NC 20 | 15 5 . . Destroy Leader 52 | . 22 20 10 Successful Hack 9 | . 9 . . Disable Machine 15 | . . 15 . Destroy Structure 11 | . 5 6 . Influence Decreases 367 | 15 161 141 50 Time Decay 357 | 15 161 131 50 Lost Part 10 | . . 10 . Squads Dispatched . | . . . . Investigation . | . . . . Extermination . | . . . . Reinforcement . | . . . . Assault . | . . . . Garrison . | . . . . Intercept . | . . . . Searches Triggered . | . . . . Construction Impeded . | . . . . Haulers Reinforced . | . . . . Active Scanning Responses . | . . . . Cargo Convoy Interrupts . | . . . . Stealth | -11 -10 -10 -10 --------- Run | Yrd Mat Min Sub Distress Signals 1 | . . 1 . Communications Jammed . | . . . . Distress Signals . | . . . . Times Spotted 21 | . 9 5 7 Peak Tracking Total 4 | . 4 3 3 Tactical Retreats . | . . . . Traps | -11 -10 -10 -10 ------- Run | Yrd Mat Min Sub Traps Triggered . | . . . . Indirectly . | . . . . Trap Hack Attempts . | . . . . Triggered . | . . . . Disarmed . | . . . . Reprogrammed . | . . . . Reused . | . . . . Traps Extracted . | . . . . Installed . | . . . . Triggered . | . . . . Machines | -11 -10 -10 -10 ---------- Run | Yrd Mat Min Sub Machines Disabled 1 | . . 1 . Max in Single Turn 1 | . . 1 . Machines Repaired . | . . . . Machines Dismantled . | . . . . Machines Sabotaged . | . . . . Overloaded Fab Kills . | . . . . Hacking | -11 -10 -10 -10 --------- Run | Yrd Mat Min Sub Machines Accessed 3 | . 3 . . Terminals 2 | . 2 . . Fabricators . | . . . . Repair Stations 1 | . 1 . . Recycling Units . | . . . . Scanalyzers . | . . . . Garrison Access . | . . . . Total Hacks 14 | . 14 . . Successful 9 | . 9 . . Failed 5 | . 5 . . Catastrophic 2 | . 2 . . Database Lockouts . | . . . . Manual . | . . . . Terminals 6 | . 6 . . Fabricators . | . . . . Repair Stations 8 | . 8 . . Recycling Units . | . . . . Scanalyzers . | . . . . Garrison Access . | . . . . Terminal Hacks 3 | . 3 . . Record 2 | . 2 . . Prototype ID Bank 1 | . 1 . . Fabricator Hacks . | . . . . Repair Station Hacks 6 | . 6 . . Scan Component 3 | . 3 . . Repair 3 | . 3 . . Recycling Unit Hacks . | . . . . Scanalyzer . | . . . . Garrison Access Hacks . | . . . . Unauthorized Hacks . | . . . . Terminals . | . . . . Fabricators . | . . . . Repair Stations . | . . . . Recycling Units . | . . . . Scanalyzers . | . . . . Garrison Access . | . . . . Data Cores Recovered . | . . . . Used . | . . . . Hacking Detections 2 | . 2 . . Full Trace Events . | . . . . Feedback Events . | . . . . Feedback Blocked . | . . . . Robot Schematics Acquired . | . . . . Robots Built . | . . . . Authchips . | . . . . Time . | . . . . Total Robot Build Rating . | . . . . Part Schematics Acquired . | . . . . Parts Built . | . . . . Authchips . | . . . . Time . | . . . . Total Part Build Rating . | . . . . Part Studies Acquired . | . . . . Parts Repaired 3 | . 3 . . Time 78 | . 78 . . Parts Recycled . | . . . . Recycled Matter . | . . . . Retrieved Matter . | . . . . Retrieved Components . | . . . . Parts Scanalyzed . | . . . . Part Schematics Acquired . | . . . . Parts Damaged . | . . . . Bothacking | -11 -10 -10 -10 ------------ Run | Yrd Mat Min Sub Used RIF Installer . | . . . . Robots Hacked . | . . . . Non-combat . | . . . . Combat . | . . . . Robot Hacks Applied . | . . . . Relay Couplers Released . | . . . . Fabnet Peak Effective % . | . . . . Robots Rewired . | . . . . Allies Hacked . | . . . . Hacks Repelled . | . . . . Allies | -11 -10 -10 -10 -------- Run | Yrd Mat Min Sub Total Allies . | . . . . Largest Group . | . . . . Highest-Rated Group . | . . . . Highest-Rated Ally . | . . . . Total Orders . | . . . . Ally Attacks . | . . . . Total Damage . | . . . . Kills . | . . . . Allies Corrupted . | . . . . Allies Melted . | . . . . Intel | -11 -10 -10 -10 ------- Run | Yrd Mat Min Sub Active Infowar (turns) 2215 | 23 991 329 872 Seismic 2215 | 23 991 329 872 Robot Analysis Total . | . . . . Derelict Logs Recovered . | . . . . Drone Launches . | . . . . Drone Recoveries . | . . . . Exploration | -11 -10 -10 -10 ------------- Run | Yrd Mat Min Sub Turns Passed 2374 | 182 991 329 872 Spaces Moved 612 | 93 233 73 213 Core 8 | 8 . . . Treads 161 | 85 76 . . Legs 378 | . 157 73 148 Wheels 65 | . . . 65 Hover . | . . . . Flight . | . . . . Fastest Speed 50 | 50 160 400 140 Average Speed 324 | 151 321 400 378 Slowest Speed 680 | 160 400 400 680 Overloaded Moves . | . . . . Propulsion Burnouts . | . . . . Robots Hopped . | . . . . Potential Cave-ins . | . . . . Cave-ins Triggered . | . . . . Exploration Rate (%) 23 | 4 41 18 31 Regions Visited 3 Branch Regions 2 Pre-discovered Areas . | . . . . Known Exits Taken . | . . . . Unknown Exits Taken 3 | 1 1 1 . Scrap Searched . | . . . . Spaces Dug 6 | . 6 . . Terrain Destroyed 20 | . 6 6 8 Melee . | . . . . Projectile 6 | . 6 . . AOE 14 | . . 6 8 Terrain Rammed . | . . . . Walls Destroyed . | . . . . Machines Disabled . | . . . . Actions | -11 -10 -10 -10 --------- Run | Yrd Mat Min Sub Total 885 | 120 417 95 253 Wait 132 | . 126 6 . Move 609 | 92 232 72 213 Hop . | . . . . Pick Up 38 | 13 16 1 8 Fast Attach 1 | 1 . . . Attach 15 | 5 3 1 6 Detach . | . . . . Swap 10 | 1 7 1 1 Drop 5 | . 4 . 1 Fire 75 | 8 29 14 24 Melee . | . . . . Ram . | . . . . Kick . | . . . . Crush . | . . . . Escape Stasis . | . . . . Rewire . | . . . . Trap . | . . . . Miscellaneous . | . . . . Route ------- -11/Scrapyard -10/Materials (discovered 2 exits: [*Mat] / [*Min]) -10/Mines -10/Subcaves History --------- Turn | Location | Event 6 | -11/Scrapyard | Discovered new exit (range 15) 183 | -11/Scrapyard | Entered Materials 316 | -10/Materials | Build established: Mutant 742 | -10/Materials | Discovered new exit (range 14) 894 | -10/Materials | Repaired Lgt. Assault Rifle 924 | -10/Materials | Repaired Lgt. Assault Rifle 951 | -10/Materials | Repaired Aluminum Leg 1138 | -10/Materials | Discovered new exit (range 10) 1174 | -10/Materials | Entered Mines 1194 | -10/Mines | Met a Derelict bent on vengeance 1471 | -10/Mines | Discovered new exit (range 10) 1503 | -10/Mines | Entered Subcaves 1504 | -10/Subcaves | Approached by a straggling Scientist 2025 | -10/Subcaves | Shifting Twisted Machinery released Ripper 2047 | -10/Subcaves | Shifting Twisted Machinery released Sub. Machine Gun 2239 | -10/Subcaves | Core integrity fell below 50% 2345 | -10/Subcaves | Ambushed by Subdweller buried in earth 2346 | -10/Subcaves | Core integrity fell below 20% 2375 | -10/Subcaves | Destroyed by AG-BZV(R) with Subdweller Laser Last Messages --------------- 02227_ Grenade Launcher destroyed. 02234_ Ion Engine destroyed. 02243_ T5-Z8E(R) destroyed. 02244_ Subatomizers dissect the Sub. Optics. 02249_ Acquired 32 matter. 02252_ Acquired Sub. Machine Gun. 02254_ Acquired Sub. Optics. 02256_ Acquired Disposable Heat Sink. 91-4PU(c): "I think it's somewhere south of here" 91-4PU(c): "I think it's somewhere southeast of here" 02339_ Wheel destroyed. 02341_ Lgt. Assault Rifle destroyed. [Achievement: Do Not Disturb] 02346_ AG-BZV(R): "ARGHSUB!" 02346_ 91-4PU(c) destroyed. 02351_ MJ-0ER(R) destroyed. 02353_ Lgt. Ion Engine destroyed. 02357_ Wheel destroyed. 02361_ Sub. Machine Gun destroyed. 02364_ 4K-0U7(R) affixes Scrap Shield Fragment to Scrap Shield. Map ----- +----------------------------------------------------+ | ???????## #????????????????????????????????? | | ????????#### #????????????????????????????????? | | ???????????## #????????????????????????????????? | | ????????????# #????????????????????????????????? | | ????????????## ##???????????????????????????????? | | ?????????????## ##??????????????????????????????? | | ??????????????## #??????????????????????????????? | | ??????????????## #??????????????????????????????? | | ?????????????## #??????????????????????????????? | | ?????????????# ##??????????????????????????????? | | ????????????## #???????????????????????????????? | | ????????????# ##??????????????????????????????? | | ????????????# ###????????????????????????????? | | ????????????## ######???????????????????????? | | ?????????????# #???????????????????????? | | ?????????????# #???????????????????????? | | ?????????????# # #?##??????## ???????????? | | ????????????## ### ## ###??? ???????????? | | ????????????# ## #?? ???????????? | | ????????????## # ## ????????????? | | ????????????# # ?????????????? | | ????????????# ;; ! ????????????????? | | ????????????# # ; *%#?????????????????? | | ????????????######;; =R###???????????????? | | ?????????????????#; =% #???????????????? | | ?????????????????#; @ #???????????????? | | ?????????????????# ; #???????????????? | | ?????????????????## ##???????????????? | | ?????????????????# R ###????????????????? | | ?????????????????# ##??????????????????? | | ?????????????????# ###???????????????????? | | ?????????????????## ;;;;;##?????????????????????? | | ??????????????????##;; ##??????????????????????? | | ???????????????????######????????????????????????? | | ?????????????????????????????????????????????????? | | ?????????????????????????????????????????????????? | | ?????????????????????????????????????????????????? | | ?????????????????????????????????????????????????? | | ?????????????????????????????????????????????????? | | ?????????????????????????????????????????????????? | | ?????????????????????????????????????????????????? | | ?????????????????????????????????????????????????? | | ?????????????????????????????????????????????????? | | ?????????????????????????????????????????????????? | | ?????????????????????????????????????????????????? | | ?????????????????????????????????????????????????? | | ?????????????????????????????????????????????????? | | ?????????????????????????????????????????????????? | | ?????????????????????????????????????????????????? | | ?????????????????????????????????????????????????? | +----------------------------------------------------+ Best States ------------- Heat Dissipation 25 Energy Generation 10 Energy Capacity 250 Matter Stores 300 Matter Capacity 300 Sight Range 16 Terrain Scan Density 10 Evasion (%) 40 Recoil Reduction 1 Item Schematics ----------------- None Robot Schematics ------------------ None Fabricated ------------ Nothing Repaired ---------- Lgt. Assault Rifle | 42% | -10/Materials Lgt. Assault Rifle | 82% | -10/Materials Aluminum Leg | 73% | -10/Materials Studied --------- None Alien Tech Used ----------------- None Achievements -------------- Do Not Disturb Challenges ------------ None Game ------ Seed LatentGammaKinecellerator Manual? 0 Play Time 00:22:25 Cumulative 44.1 hours Start 2026.03.23 @ 15:11:54 End 2026.03.23 @ 15:34:48 Sessions 1 Manual Loads 0 Difficulty Rogue Special Mode None Game No. 55 Rogue 55 Adventurer 0 Explorer 0 Win Type - Total 0 Types 0/0/0/0/0/0/0/0/0/0 Lore% 23 Gallery% 19 Achievement% 12 Wizard Run 0 Options --------- Layout 0 ASCII 0 Keyboard 0 Movement Mouse Keybinds 0 Fullscreen 1 Font 18/SmallcapsGlow Map View 76x50 Zoom Use 0% Tactical HUD 1 Map Filters NONE Filters LOW_CONTRAST(13,24,33) Steam 1 RUN: 22352666-b050-45ab-ae7a-71152faa8241